[Event "*** MasterClass Titled Tuesday Blitz"]
[Site "Chess.com"]
[Date "2017.12.05"]
[Round "3"]
[White "Goala"]
[Black "pulvettd"]
[Result "0-1"]
[WhiteElo "2304"]
[BlackElo "2253"]
[TimeControl "180+2"]
[EndTime "14:44:01 PST"]
[Termination "pulvettd won by resignation"]

1. d4 Nf6 2. c4 g6 3. Nc3 d5 4.
cxd5 Nxd5 5. e4 Nxc3 6. bxc3 Bg7 7. Be3 c5 8. Qd2 Qa5 9. Rb1 cxd4 10. cxd4 Qxd2+ 11.
Kxd2 O-O 12. Nf3 Rd8 13. Bd3 b6 14. Rhc1 Bd7 15. Rc7 Nc6 16. d5 Ne5 17. Nxe5 Bxe5 18. f4 Bxc7 0-1

[Event "*** MasterClass Titled Tuesday Blitz"]
[Site "Chess.com"]
[Date "2017.12.05"]
[Round "3"]
[White "lrivaspicazo"]
[Black "Joseph_Truelson"]
[Result "1/2-1/2"]
[WhiteElo "1722"]
[BlackElo "2103"]
[TimeControl "180+2"]
[EndTime "14:44:13 PST"]
[Termination "Game drawn by repetition"]

1. d4 d5 2. c4 c6 3. Nc3 Nf6 4. Bg5 dxc4 5. Bxf6 exf6 6. e4 b5 7. a4 Bb4 8. axb5 cxb5 9. e5 fxe5 10. Qf3 Qxd4 11. Qxa8 Bxc3+ 12. bxc3 Qxc3+ 13. Ke2 Qd3+ 14. Ke1 Qc3+ 15. Ke2 Qd3+ 16. Ke1 Qc3+ 17. Ke2 1/2-1/2

[Event "*** MasterClass Titled Tuesday Blitz"]
[Site "Chess.com"]
[Date "2017.12.05"]
[Round "3"]
[White "Sola00"]
[Black "ChessMavenYeti"]
[Result "0-1"]
[WhiteElo "1524"]
[BlackElo "2050"]
[TimeControl "180+2"]
[EndTime "14:44:33 PST"]
[Termination "ChessMavenYeti won by checkmate"]

1. Nf3 d5 2. g3 Nf6 3. Bg2 e6 4.
d4 Be7 5. Rg1 O-O 6. c4 dxc4 7. Qc2 a6 8. Qxc4 b5 9. Qc2 Bb7 10. Nc3 Nbd7 11. Bf4 Nb6 12. e3 c5 13. O-O-O c4 14. Ne5 Bxg2 15. Rxg2 Rc8 16. Ne4 Nxe4 17. Qxe4 c3 18. b3 c2 19. Rd2 Ba3# 0-1

[Event "*** MasterClass Titled Tuesday Blitz"]
[Site "Chess.com"]
[Date "2017.12.05"]
[Round "3"]
[White "HarutyunianTigranK"]
[Black "Jadeit90"]
[Result "1-0"]
[WhiteElo "2538"]
[BlackElo "2327"]
[TimeControl "180+2"]
[EndTime "14:44:42 PST"]
[Termination "HarutyunianTigranK won by resignation"]

1. c4 Nf6 2. Nc3 e6 3. e4 d5 4. e5 Nfd7 5. cxd5 Nxe5 6. d4 Ng6 7. Bb5+ c6 8. dxc6 bxc6 9. Bc4 c5 10. Nf3 Nc6 11. d5 exd5 12. Qxd5 Qxd5 13. Nxd5 Bd6 14. Bb5 Bd7 15. O-O O-O 16. Rd1 Rab8 17. Nc3 Nce5 18. Bxd7 1-0

[Event "*** MasterClass Titled Tuesday Blitz"]
[Site "Chess.com"]
[Date "2017.12.05"]
[Round "3"]
[White "PivixBanni"]
[Black "TARS-JJ"]
[Result "1-0"]
[WhiteElo "1407"]
[BlackElo "1080"]
[TimeControl "180+2"]
[EndTime "14:44:45 PST"]
[Termination "PivixBanni won by resignation"]

1. d4 d5 2. c4 dxc4 3. Nc3 e6 4.
e4 c6 5. Bxc4 b5 6. Bd3 a6 7.
Nf3 Nf6 8. Bg5 Be7 9. O-O O-O 10. Rc1 Nxe4 11. Bxe7 Qxe7 12. Bxe4 Qb4 13. Qc2 g6 14. Ne5 Qxd4 15. Rfe1 Bb7 16. Nf3 Nd7 17. Nxd4 1-0

[Event "*** MasterClass Titled Tuesday Blitz"]
[Site "Chess.com"]
[Date "2017.12.05"]
[Round "3"]
[White "Msb2"]
[Black "Caisachess"]
[Result "1-0"]
[WhiteElo "2714"]
[BlackElo "2338"]
[TimeControl "180+2"]
[EndTime "14:45:14 PST"]
[Termination "Msb2 won by resignation"]

1. d4 Nf6 2. c4 e6 3. g3 Be7 4.
Bg2 O-O 5. Nf3 d5 6. O-O dxc4 7. Qc2 a6 8. Qxc4 b5 9. Qc2 Bb7 10. Bf4 Nc6 11. Rd1 Rc8 12. a3 Bd6 13. Bg5 h6 14. Bxf6 Qxf6 15. Nc3 Ne7 16. Ng5 Qxg5 17. Bxb7 Rcd8 18.
Bxa6 b4 19. axb4 Bxb4 20. e3 c5 21. Ne4 Qf5 22. dxc5 Bxc5 23. Qxc5 Qxe4 24. Qxe7 Rxd1+ 25. Rxd1 Qa4 26. Rd8 1-0

[Event "*** MasterClass Titled Tuesday Blitz"]
[Site "Chess.com"]
[Date "2017.12.05"]
[Round "3"]
[White "robertito5113"]
[Black "jefferyx"]
[Result "0-1"]
[WhiteElo "443"]
[BlackElo "2771"]
[TimeControl "180+2"]
[EndTime "14:45:15 PST"]
[Termination "jefferyx won by resignation"]

1. e4 e5 2. Nf3 Nc6 3. d4 exd4 4. Nxd4 Qf6 5. c3 Bc5 6. Be3 Nge7 7. Bc4 O-O 8. O-O b6 9. h3 Bb7 10. Nd2 Nxd4 11. Nb3 Nxb3 12. axb3 Bxe3 13. Qxd7 Bf4 14. Qd4 Qxd4 15. cxd4 Rfd8 16. Rfd1 Bxe4 17. g3 Bg5 18. f3 Bxf3 19. Rf1 Be3+ 20. Rf2 Bd5 21. Re1 Bxf2+ 22.
Kxf2 Nc6 23. Bxd5 Rxd5 24. Re8+ Rxe8 25. Kg2 Nxd4 0-1

[Event "*** MasterClass Titled Tuesday Blitz"]
[Site "Chess.com"]
[Date "2017.12.05"]
[Round "3"]
[White "grzechu96"]
[Black "nubair1198"]
[Result "0-1"]
[WhiteElo "2437"]
[BlackElo "2509"]
[TimeControl "180+2"]
[EndTime "14:45:17 PST"]
[Termination "nubair1198 won by resignation"]

1. e4 c6 2. d4 d5 3. e5 c5 4. dxc5 e6 5. a3 Nc6 6. Nf3 Bxc5 7. b4 Bb6 8. Bb2 f6 9. Bd3 fxe5 10. Nxe5 Qg5 11. Qg4 Qxg4 12. Nxg4 Nf6 13. Nxf6+ gxf6 14. Bxf6 Bxf2+ 15. Kxf2 O-O 16. Nd2 Rxf6+ 17. Ke2 e5 18. c3 Bg4+ 19. Ke3 d4+ 20. Ke4 Bf5+ 21. Kd5 Bxd3 22. b5 Bxb5 0-1

[Event "*** MasterClass Titled Tuesday Blitz"]
[Site "Chess.com"]
[Date "2017.12.05"]
[Round "3"]
[White "saraswathii"]
[Black "fardinkhan46"]
[Result "1-0"]
[WhiteElo "2300"]
[BlackElo "1446"]
[TimeControl "180+2"]
[EndTime "14:45:22 PST"]
[Termination "saraswathii won by checkmate"]

1. d4 d5 2. Bf4 Nc6 3. e3 Bf5 4. c3 e6 5. Qb3 Bd6 6. Qxb7 Nge7 7. Bb5 Rb8 8. Bxc6+ Nxc6 9. Qxc6+ Qd7 10. Qxd7+ Kxd7 11. Bxd6 cxd6 12. b3 a6 13. Nd2 Rbc8 14. Rc1 Rc7 15.
Ngf3 Rhc8 16. c4 dxc4 17. Nxc4 d5 18. Nb6+ Kd6 19. Nxc8+ Kd7 20. Nb6+ Kd8 21. Rxc7 Kxc7 22. Na4 g6 23. Kd2 Kd6 24. Rc1 Ke7 25. Ne5 Kf6 26.
Rc7 h5 27. f4 g5 28. Rxf7# 1-0

[Event "*** MasterClass Titled Tuesday Blitz"]
[Site "Chess.com"]
[Date "2017.12.05"]
[Round "3"]
[White "sting_vs"]
[Black "TheMagician"]
[Result "0-1"]
[WhiteElo "1437"]
[BlackElo "2177"]
[TimeControl "180+2"]
[EndTime "14:45:33 PST"]
[Termination "TheMagician won by resignation"]

1. e4 Nf6 2. Nc3 e5 3. Bc4 Nc6 4. Nf3 Bc5 5. h3 d6 6. d3 h6 7. O-O g5 8. Be3 g4 9. hxg4 Bxg4 10. Nd5 Nd4 11. Bxd4 Bxd4 12. c3 Bb6 13. Nxf6+ Qxf6 14. Qe2 Rg8 15. Rfc1 Bxf3 0-1

[Event "*** MasterClass Titled Tuesday Blitz"]
[Site "Chess.com"]
[Date "2017.12.05"]
[Round "3"]
[White "Tash_Boy"]
[Black "Hunninn"]
[Result "1-0"]
[WhiteElo "2431"]
[BlackElo "2389"]
[TimeControl "180+2"]
[EndTime "14:45:46 PST"]
[Termination "Tash_Boy won by resignation"]

1. e4 e5 2. Nf3 Nc6 3. Bc4 Nf6 4. d3 Bc5 5. c3 d6 6. O-O h6 7. Nbd2 a6 8. Bb3 Ba7 9. h3 g5 10. Nh2 h5 11. Nc4 g4 12. Bg5 g3 13. Qf3 gxh2+ 14.
Kh1 Rg8 15. Bxf6 Qd7 16. Ne3 Ne7 17. Bxe7 Qxe7 18. Nd5 Qd8 19. Nf6+ Kf8 20. Nxg8 Kxg8 21. Qxf7+ Kh8 22. f4 1-0

[Event "*** MasterClass Titled Tuesday Blitz"]
[Site "Chess.com"]
[Date "2017.12.05"]
[Round "3"]
[White "NICOLASXD117"]
[Black "Thiago_skl"]
[Result "1-0"]
[WhiteElo "1123"]
[BlackElo "970"]
[TimeControl "180+2"]
[EndTime "14:45:58 PST"]
[Termination "NICOLASXD117 won by checkmate"]

1. d4 d5 2. c4 dxc4 3. e3 e6 4. e4 Qh4 5. Nc3 Bd6 6. Nf3 Qg4 7. h3 Qxe4+ 8. Nxe4 Bf4 9. Bxf4 Nf6 10. Nxf6+ gxf6 11. Bxc7 Nd7 12. Bxc4 Ne5 13. dxe5 fxe5 14. Nxe5 Rg8 15. Qd8# 1-0

[Event "*** MasterClass Titled Tuesday Blitz"]
[Site "Chess.com"]
[Date "2017.12.05"]
[Round "3"]
[White "oogee"]
[Black "roncataroja"]
[Result "1-0"]
[WhiteElo "2167"]
[BlackElo "1412"]
[TimeControl "180+2"]
[EndTime "14:46:03 PST"]
[Termination "oogee won by resignation"]

1. d4 d6 2. c4 g6 3. Nf3 Bg7 4. Nc3 Nd7 5. e3 Ngf6 6. Be2 O-O 7. O-O c6 8. b4 d5 9. b5 Qc7 10. Qb3 dxc4 11. Bxc4 Nb6 12. Bxf7+ Rxf7 13. Ng5 Nbd5 14. Nxf7 Kxf7 15. e4 Nxe4 16. Nxd5 cxd5 17. Qxd5+ Be6 18. Qxe4 Rd8 19. Be3 Qb6 20. d5 Bxd5 21. Bxb6 Bxe4 22. Bxd8 b6 23. Rae1 1-0

[Event "*** MasterClass Titled Tuesday Blitz"]
[Site "Chess.com"]
[Date "2017.12.05"]
[Round "3"]
[White "Marcin"]
[Black "indfraeng"]
[Result "1-0"]
[WhiteElo "2211"]
[BlackElo "1840"]
[TimeControl "180+2"]
[EndTime "14:46:09 PST"]
[Termination "Marcin won by resignation"]

1. d4 Nf6 2. c4 c5 3. Nf3 cxd4 4.
Nxd4 Nc6 5. Nc3 e6 6. a3 Bc5 7.
e3 O-O 8. Be2 d5 9. cxd5 exd5 10. O-O Nxd4 11. exd4 Bd6 12. Bf3 Be6 13. Bg5 Rc8 14.
Bxf6 Qxf6 15. Nxd5 Bxd5 16. Bxd5 Rfd8 17. Bf3 Be5 18.
dxe5 Rxd1 19. exf6 Rd2 20. Rac1 Rcd8 21. b4 gxf6 22. Rc7 R2d3 23. a4 Ra3 24. a5 b6 25.
Rxa7 bxa5 26. bxa5 Kg7 27. h3 Kg6 28. Rb1 Rc8 29.
Rbb7 Rc5 30. Rxf7 Raxa5 31. Rg7+ Kf5 32. Rxa5 Rxa5 33. Rxh7 1-0

[Event "*** MasterClass Titled Tuesday Blitz"]
[Site "Chess.com"]
[Date "2017.12.05"]
[Round "3"]
[White "pastouche06"]
[Black "AndreyOstrovskiy"]
[Result "0-1"]
[WhiteElo "2329"]
[BlackElo "2524"]
[TimeControl "180+2"]
[EndTime "14:46:16 PST"]
[Termination "AndreyOstrovskiy won by resignation"]

1. d4 Nf6 2. c4 e6 3. Nc3 Bb4 4. Qc2 O-O 5. a3 Bxc3+ 6. Qxc3 d6 7. Bg5 Nbd7 8. f3 c5 9. Nh3 h6 10. Bh4 Qc7 11. e4 b6 12. Be2 Ba6 13. d5 exd5 14. cxd5 Bxe2 15. Kxe2 Rfe8 16. Rhd1 Nxe4 0-1

[Event "*** MasterClass Titled Tuesday Blitz"]
[Site "Chess.com"]
[Date "2017.12.05"]
[Round "3"]
[White "Mistheoretical"]
[Black "Danslesprit69"]
[Result "1-0"]
[WhiteElo "2261"]
[BlackElo "1694"]
[TimeControl "180+2"]
[EndTime "14:46:19 PST"]
[Termination "Mistheoretical won by checkmate"]

1. d4 Nf6 2. Bg5 c5 3. d5 d6 4. Nc3 g6 5. e4 Bg7 6. f4 h6 7.
Bh4 Nbd7 8. Bd3 a6 9. a4 e5 10. dxe6 fxe6 11. e5 dxe5 12. Bxg6+ Kf8 13. fxe5 Qc7 14.
exf6 Nxf6 15. Nf3 b6 16. O-O Bb7 17. Qe2 Ng4 18. Ne5+ Kg8 19. Bf7+ Kh7 20. Qd3+ Be4 21. Qxe4# 1-0

[Event "*** MasterClass Titled Tuesday Blitz"]
[Site "Chess.com"]
[Date "2017.12.05"]
[Round "3"]
[White "larso"]
[Black "jcgs1030"]
[Result "1-0"]
[WhiteElo "2386"]
[BlackElo "2318"]
[TimeControl "180+2"]
[EndTime "14:46:22 PST"]
[Termination "larso won by resignation"]

1. d4 Nf6 2. Nf3 g6 3. Nc3 d5 4.
Bf4 Bg7 5. e3 O-O 6. Be2 c5 7.
Ne5 cxd4 8. exd4 Ne4 9. Nxe4 dxe4 10. h4 Nc6 11. h5 Nxd4 12. hxg6 hxg6 13. Qd2 Nc6 14.
Nxc6 Qxd2+ 15. Kxd2 bxc6 16. c3 Be6 17. Kc2 Rfd8 18.
Be3 a5 19. Bc5 Bf6 20. a4 Rab8 21. b4 axb4 22. Bxb4 Rxb4 23. cxb4 Bxa1 24. Rxa1 Ra8 25. a5 Kg7 26. Kc3 Bd5 27. Kd4 Kf6 28. Kc5 Ke6 29. Rd1 Kd7 30. b5 Rxa5 31. Kb6 Ra2 32. bxc6+ Kd6 33. c7 Rb2+ 34. Bb5 e6 35. c8=Q 1-0

[Event "*** MasterClass Titled Tuesday Blitz"]
[Site "Chess.com"]
[Date "2017.12.05"]
[Round "3"]
[White "jcibarra"]
[Black "JaimeSantosLatasa"]
[Result "1-0"]
[WhiteElo "2681"]
[BlackElo "2547"]
[TimeControl "180+2"]
[EndTime "14:46:23 PST"]
[Termination "jcibarra won by resignation"]

1. e4 e5 2. Nf3 Nc6 3. d4 exd4 4. Nxd4 Bc5 5. Nb3 Bb6 6. Nc3 Nf6 7. Qe2 O-O 8. Bg5 h6 9. Bh4 a5 10. O-O-O a4 11. Nd2 a3 12. e5 Re8 13. Bxf6 gxf6 14. Qg4+ Kh8 15. Qf4 axb2+ 16. Kb1 Kg7 17. Qg3+ Kh8 18.
Qh4 fxe5 19. Qxh6+ Kg8 20. Bd3 e4 21. Bxe4 Ne5 22.
Bh7+ Kh8 23. Bg6+ Kg8 24. Bh7+ Kh8 25. Bf5+ Kg8 26. Qh7+ 1-0

[Event "*** MasterClass Titled Tuesday Blitz"]
[Site "Chess.com"]
[Date "2017.12.05"]
[Round "3"]
[White "hhbcd_grob_bes"]
[Black "MateusViageiro"]
[Result "0-1"]
[WhiteElo "1427"]
[BlackElo "2183"]
[TimeControl "180+2"]
[EndTime "14:46:26 PST"]
[Termination "MateusViageiro won by resignation"]

1. e4 c5 2. Nf3 d6 3. d4 cxd4 4. Nxd4 Nf6 5. Nc3 a6 6. Rg1 e5 7. Nb3 Be6 8. g4 d5 9. exd5 Nxd5 10. Nxd5 Qxd5 11. Be3 Nc6 12. Bg2 Qxd1+ 13. Rxd1 Rc8 14.
Nc5 Bxg4 15. f3 Bxc5 16. Bxc5 Bf5 17. Bd6 Bxc2 18. Rd2 Bf5 19. Kf2 f6 20. Rgd1 Kf7 21.
f4 exf4 22. Bxf4 Rhd8 23. Rxd8 Rxd8 24. Rxd8 Nxd8 25. Bxb7 Nxb7 26. h4 Ke6 27. b3 Kd5 28. a3 Nc5 29. b4 Nd3+ 30. Ke3 Nxf4 31. Kxf4 Bd7 32. h5 g6 33. hxg6 hxg6 34. Kg3 g5 35. Kf3 f5 36. Kg2 Kc4 0-1

[Event "*** MasterClass Titled Tuesday Blitz"]
[Site "Chess.com"]
[Date "2017.12.05"]
[Round "3"]
[White "Zenzo"]
[Black "dusanacns"]
[Result "1-0"]
[WhiteElo "2494"]
[BlackElo "2607"]
[TimeControl "180+2"]
[EndTime "14:46:31 PST"]
[Termination "Zenzo won by resignation"]

1. e4 e5 2. Nf3 d6 3. d4 exd4 4. Nxd4 Nf6 5. Nc3 Be7 6. Bc4 O-O 7. O-O c6 8. Bb3 Na6 9. Re1 Nc5 10. f3 Nxb3 11. axb3 d5 12. exd5 cxd5 13. Bg5 h6 14.
Bh4 Bc5 15. Kh1 Qd6 16. Qd3 Bd7 17. Ndb5 Bxb5 18. Nxb5 Qc6 19. Bxf6 Qxf6 20. Qxd5 Bb6 21. Qe5 Qg6 22. Qe4 Qf6 23. Nc3 Bd4 24. Nd5 1-0

[Event "*** MasterClass Titled Tuesday Blitz"]
[Site "Chess.com"]
[Date "2017.12.05"]
[Round "3"]
[White "chesstrophy1"]
[Black "mikelito7"]
[Result "1-0"]
[WhiteElo "1334"]
[BlackElo "1350"]
[TimeControl "180+2"]
[EndTime "14:46:44 PST"]
[Termination "chesstrophy1 won by resignation"]

1. e4 d5 2. exd5 Qxd5 3. c4 Qe4+ 4. Be2 Bg4 5. f3 Qe6 6. fxg4 Nf6 7. d3 Nxg4 8. Nf3 h5 9. O-O f5 10. Nd4 Qd6 11. Nf3 g6 12. Nc3 c6 13. h3 Nf6 14.
Bg5 Nbd7 15. Nh4 Rg8 16. Qd2 O-O-O 17. Bf4 e5 18. Bg5 Re8 19. a4 e4 20. a5 Nc5 21.
d4 Nb3 22. Qe3 Nxa1 23. Rxa1 Kb8 24. Bf4 1-0

[Event "*** MasterClass Titled Tuesday Blitz"]
[Site "Chess.com"]
[Date "2017.12.05"]
[Round "3"]
[White "wanyaland"]
[Black "vpantev"]
[Result "0-1"]
[WhiteElo "2251"]
[BlackElo "2452"]
[TimeControl "180+2"]
[EndTime "14:47:00 PST"]
[Termination "vpantev won by resignation"]

1. d4 Nf6 2. c4 e6 3. Nc3 Bb4 4. f3 c5 5. a3 Bxc3+ 6. bxc3 d6 7. e4 Nc6 8. Be3 e5 9. Ne2 b6 10. a4 Na5 11. Nc1 Ba6 12. Nb3 Nxc4 13. Bf2 Qc8 14.
a5 cxd4 15. cxd4 Nb2 16. Qd2 Bxf1 17. Rxf1 Nc4 18. Qb4 bxa5 19. Qb5+ Nd7 20. Rc1 Rb8 21. Rxc4 Qd8 22. Qa4 O-O 23. Nc1 Nb6 24. Qc2 Nxc4 25. Qxc4 Rc8 0-1

[Event "*** MasterClass Titled Tuesday Blitz"]
[Site "Chess.com"]
[Date "2017.12.05"]
[Round "3"]
[White "ChessChronicles123"]
[Black "Koksik_13"]
[Result "0-1"]
[WhiteElo "1916"]
[BlackElo "2198"]
[TimeControl "180+2"]
[EndTime "14:47:01 PST"]
[Termination "Koksik_13 won by resignation"]

1. Nf3 d5 2. g3 c6 3. d4 Nf6 4. Bg2 g6 5. O-O Bg7 6. c4 O-O 7.
cxd5 cxd5 8. Nc3 Nc6 9. Bf4 Bf5 10. Rc1 Ne4 11. a3 Nxc3 12. Rxc3 Be4 13. Be3 Qb6 14.
Qd2 e6 15. Rfc1 Bxf3 16. Bxf3 Bxd4 17. Rxc6 Bxe3 18. fxe3 bxc6 19. b4 a5 20. Kg2 axb4 21. axb4 Rfb8 22. e4 Qxb4 23. Qf4 dxe4 24. Bxe4 f5 25.
Bxf5 exf5 26. Qe5 Qe4+ 0-1

[Event "*** MasterClass Titled Tuesday Blitz"]
[Site "Chess.com"]
[Date "2017.12.05"]
[Round "3"]
[White "Gattass"]
[Black "pi_mal_auge"]
[Result "1-0"]
[WhiteElo "2097"]
[BlackElo "1615"]
[TimeControl "180+2"]
[EndTime "14:47:04 PST"]
[Termination "Gattass won by resignation"]

1. d4 Nf6 2. c4 c5 3. d5 Ne4 4.
f3 Qa5+ 5. Nd2 Nd6 6. Qc2 g6 7. e4 Bg7 8. f4 O-O 9. Bd3 b5 10. Ke2 bxc4 11. Nxc4 Nxc4 12. Bxc4 d6 13. Nf3 Ba6 14.
Bd2 Bxc4+ 15. Qxc4 Qb6 16. Rab1 Nd7 17. h4 Nf6 18.
Bc3 a5 19. e5 Ng4 20. h5 Rfb8 21. Rh4 Nh6 22. hxg6 hxg6 23. exd6 exd6 24. Rbh1 Nf5 25.
Rh8+ 1-0

[Event "*** MasterClass Titled Tuesday Blitz"]
[Site "Chess.com"]
[Date "2017.12.05"]
[Round "3"]
[White "visa"]
[Black "aa175"]
[Result "0-1"]
[WhiteElo "2188"]
[BlackElo "1873"]
[TimeControl "180+2"]
[EndTime "14:47:32 PST"]
[Termination "aa175 won by resignation"]

1. e4 e5 2. d4 exd4 3. Qxd4 Nc6 4. Qe3 Be7 5. Nc3 d6 6. Bd2 Bf5 7. exf5 Nf6 8. O-O-O O-O 9. h3 Re8 10. g4 h6 11. Qg3 d5 12. h4 Bd6 13. Bf4 Ne5 14. g5 Nh5 15. Qh2 Nxf4 16. Nb5 Ng4 17. Qg3 Ne2+ 18.
Nxe2 Bxg3 19. Nxg3 Nxf2 20. Bd3 Nxd1 21. Rxd1 hxg5 22.
h5 c6 23. Nd4 Qc7 24. Rg1 Qf4+ 25. Kb1 Qxd4 26. h6 Qxg1+ 0-1

[Event "*** MasterClass Titled Tuesday Blitz"]
[Site "Chess.com"]
[Date "2017.12.05"]
[Round "3"]
[White "luisgui16"]
[Black "igorkovalenko"]
[Result "0-1"]
[WhiteElo "2302"]
[BlackElo "2713"]
[TimeControl "180+2"]
[EndTime "14:47:43 PST"]
[Termination "igorkovalenko won by resignation"]

1. d4 g6 2. c4 Bg7 3. Nc3 c5 4.
d5 d6 5. Nf3 Bxc3+ 6. bxc3 f5 7. h4 Nf6 8. e3 Qa5 9. Bd2 Nbd7 10. h5 Nxh5 11. Rxh5 gxh5 12. Ng5 Nf6 13. Be2 O-O 14. Bxh5 Bd7 15. Nh3 Qa4 16. Qxa4 Bxa4 17. Bf3 Bd7 18. Nf4 Rfb8 19. Bd1 a6 20. f3 b5 21. Bc2 bxc4 22.
Bc1 Kf7 23. Kf2 a5 24. Ba3 Rb7 25. Rh1 Rg8 26. Rh5 Nxh5 27. Nxh5 Rgb8 28. Ng3 Rb2 0-1

[Event "*** MasterClass Titled Tuesday Blitz"]
[Site "Chess.com"]
[Date "2017.12.05"]
[Round "3"]
[White "robbykevlishvili"]
[Black "josiwales"]
[Result "1-0"]
[WhiteElo "2396"]
[BlackElo "2352"]
[TimeControl "180+2"]
[EndTime "14:47:44 PST"]
[Termination "robbykevlishvili won by resignation"]

1. e4 c5 2. Nf3 Nc6 3. d4 cxd4 4. Nxd4 Nf6 5. Nc3 e5 6. Ndb5 d6 7. Bg5 a6 8. Na3 b5 9. Nd5 Be7 10. Bxf6 Bxf6 11. c4 Nd4 12. cxb5 Be6 13. Bc4 axb5 14. Bxb5+ Kf8 15. Bc4 Rb8 16. b4 Bxd5 17. Bxd5 Rxb4 18. O-O g6 19. Nc4 Kg7 20. a3 Rb8 21. a4 Nb3 22. Ra3 Nc5 23. a5 Qd7 24. a6 Qa7 25. Nxd6 Rhd8 26. Nxf7 Nxe4 27. Nxd8 Rxd8 28. Bxe4 Rxd1 29.
Rxd1 Be7 30. Ra2 Kf6 31. g3 h5 32. h4 Bc5 33. Kg2 g5 34. hxg5+ Kxg5 35. Rd5 Bd4 36. Rb5 h4 37. Rb7 Qc5 38. a7 h3+ 39. Kxh3 Qc1 40.
a8=Q Qf1+ 41. Bg2 Qd3 42. Rg7+ Kf6 43. Rg6+ Kf5 44. Be4+ Qxe4 45. g4+ Kf4 46. Rf6+ 1-0

[Event "*** MasterClass Titled Tuesday Blitz"]
[Site "Chess.com"]
[Date "2017.12.05"]
[Round "3"]
[White "Piccadilly123"]
[Black "Blitz-rider"]
[Result "0-1"]
[WhiteElo "2091"]
[BlackElo "1998"]
[TimeControl "180+2"]
[EndTime "14:47:44 PST"]
[Termination "Blitz-rider won by checkmate"]

1. e4 c5 2. c3 d5 3. exd5 Qxd5 4. d4 Nf6 5. Nf3 Bg4 6. Be2 cxd4 7.
cxd4 e6 8. Nc3 Qa5 9. O-O Be7 10. a3 O-O 11. Qb3 Qb6 12. Qxb6 axb6 13. h3 Bh5 14.
Rd1 Nc6 15. d5 exd5 16. Nxd5 Nxd5 17. Rxd5 Bg6 18. Be3 Bf6 19. Rb5 Rfd8 20. Rxb6 Rd7 21. Rc1 Ne5 22. Nxe5 Bxe5 23. Bf3 Rad8 24. Bxb7 Rd1+ 25.
Rxd1 Rxd1# 0-1

[Event "*** MasterClass Titled Tuesday Blitz"]
[Site "Chess.com"]
[Date "2017.12.05"]
[Round "3"]
[White "ZCorrales"]
[Black "josemoramoron"]
[Result "1-0"]
[WhiteElo "2137"]
[BlackElo "2169"]
[TimeControl "180+2"]
[EndTime "14:47:45 PST"]
[Termination "ZCorrales won by resignation"]

1. e4 c5 2. Nf3 e6 3. c3 Nf6 4. e5 Nd5 5. d4 cxd4 6. cxd4 d6 7. Bc4 Nb6 8. Bb3 Bd7 9. O-O Bc6 10. Qe2 N8d7 11.
Nc3 a6 12. exd6 Nf6 13. Bxe6 Bxd6 14. Bxf7+ Kxf7 15. Ng5+ Kg6 16. Qd3+ Kh5 17. f4 Qd7 18. f5 Bxh2+ 19. Kxh2 Bxg2 20. Kxg2 Qc6+ 21. d5 Qc4 22. Rh1+ 1-0

[Event "*** MasterClass Titled Tuesday Blitz"]
[Site "Chess.com"]
[Date "2017.12.05"]
[Round "3"]
[White "JSPrepz"]
[Black "Khamrakulov_Djurabek"]
[Result "0-1"]
[WhiteElo "2550"]
[BlackElo "2674"]
[TimeControl "180+2"]
[EndTime "14:47:52 PST"]
[Termination "Khamrakulov_Djurabek won by resignation"]

1. e4 c6 2. d4 d5 3. Nc3 dxe4 4.
Nxe4 Bf5 5. Ng3 Bg6 6. h4 h6 7. Nh3 e6 8. Nf4 Bh7 9. Bc4 Nd7 10. O-O Qxh4 11. Bxe6 fxe6 12. Nxe6 Kf7 13. d5 Ngf6 14. dxc6 bxc6 15. Re1 Re8 16. Nc7 Bxc2 17. Qd2 Bb4 18. Rxe8 Bxd2 19. Rxh8 Qg5 20. Bxd2 Qxd2 21. Nf1 Qf4 22.
Rc8 Nb6 23. Rf8+ Kg6 24. Ne6 Qd6 25. Re1 Bf5 26. Rd8 Nbd7 27. Nf8+ Kf7 28. Nxd7 Bxd7 29. Ne3 Qc7 30. Ra8 Be6 31. Rd1 Qb7 32. Rdd8 Nd7 33. b3 Qa6 34. Nc4 Qxa2 35. Nd6+ Ke7 36. Nc8+ Kxd8 0-1

[Event "*** MasterClass Titled Tuesday Blitz"]
[Site "Chess.com"]
[Date "2017.12.05"]
[Round "3"]
[White "ppchess2017"]
[Black "Colombiano07"]
[Result "1-0"]
[WhiteElo "1791"]
[BlackElo "2186"]
[TimeControl "180+2"]
[EndTime "14:48:05 PST"]
[Termination "ppchess2017 won by resignation"]

1. e4 e6 2. d4 d5 3. e5 c5 4. c3 Nc6 5. Nf3 Bd7 6. Be2 Qb6 7.
O-O Nh6 8. Na3 cxd4 9. cxd4 Bxa3 10. bxa3 Nf5 11. Be3 O-O 12. Bd3 Nxe3 13. fxe3 f5 14. exf6 Rxf6 15. Bxh7+ Kxh7 16. Ng5+ Kg8 17. Qh5 Qd8 18.
Qh7+ Kf8 19. Qh8+ Ke7 20. Qxg7+ Kd6 21. Rxf6 Qg8 22. Nf7+ Kc7 23. Qg6 Qxg6 24. Rxg6 Ne7 25. Rg7 Nf5 26. Rh7 Nxe3 27. Ne5 Rd8 28. Rc1+ Kd6 29. Nf7+ 1-0

[Event "*** MasterClass Titled Tuesday Blitz"]
[Site "Chess.com"]
[Date "2017.12.05"]
[Round "3"]
[White "VampirePrincessMiu"]
[Black "raphaelfioretti"]
[Result "0-1"]
[WhiteElo "998"]
[BlackElo "1304"]
[TimeControl "180+2"]
[EndTime "14:48:07 PST"]
[Termination "raphaelfioretti won by checkmate"]

1. d3 d5 2. c3 e5 3. Nd2 Nc6 4. Qc2 Nf6 5. e4 dxe4 6. dxe4 Bd6 7. Ngf3 O-O 8. Be2 Bg4 9. h3 Bh5 10. g4 Bg6 11. g5 Nh5 12. Nf1 Nf4 13. Ng3 Ng2+ 14.
Kf1 Nf4 15. h4 f6 16. h5 Bf7 17. g6 Bxg6 18. hxg6 Nxg6 19. Qb3+ Kh8 20. Nf5 Nge7 21. N3h4 g5 22. Nxe7 Nxe7 23. Nf5 Nxf5 24. exf5 b6 25.
c4 Re8 26. Qh3 Qd7 27. Bf3 e4 28. Bh5 Re7 29. Bg6 Be5 30. Qg2 Qd1# 0-1

[Event "*** MasterClass Titled Tuesday Blitz"]
[Site "Chess.com"]
[Date "2017.12.05"]
[Round "3"]
[White "DiogenesSinopeus"]
[Black "champ2005"]
[Result "0-1"]
[WhiteElo "2391"]
[BlackElo "2434"]
[TimeControl "180+2"]
[EndTime "14:48:08 PST"]
[Termination "champ2005 won by resignation"]

1. e4 c6 2. Nf3 d5 3. Nc3 Nf6 4. e5 Ne4 5. d3 Nxc3 6. bxc3 e6 7. g3 c5 8. Bg2 Nc6 9. O-O Be7 10. Qe2 O-O 11. Bd2 b6 12. h4 Bb7 13. Ng5 h6 14. Nh3 Qc7 15. Rae1 b5 16. Qg4 Kh7 17. Qh5 b4 18. c4 Nd4 19. cxd5 Bxd5 20. Be4+ Bxe4 21. Rxe4 Qd7 22. Rc1 Qe8 23. Qg4 f5 24. exf6 Rxf6 25. c3 Nf3+ 26. Kg2 Nxd2 27. Re5 Qc6+ 28. Kg1 Nf3+ 29. Kh1 Nxe5+ 0-1

[Event "*** MasterClass Titled Tuesday Blitz"]
[Site "Chess.com"]
[Date "2017.12.05"]
[Round "3"]
[White "josmito10"]
[Black "Vrolijk"]
[Result "1-0"]
[WhiteElo "2398"]
[BlackElo "2461"]
[TimeControl "180+2"]
[EndTime "14:48:09 PST"]
[Termination "josmito10 won on time"]

1. d4 Nf6 2. c4 c5 3. d5 e6 4. Nc3 exd5 5. cxd5 d6 6. Nf3 g6 7. Bf4 Bg7 8. Qa4+ Bd7 9. Qb3 b5 10. Bxd6 Qb6 11. Be5 O-O 12. e3 c4 13. Qd1 Na6 14.
Be2 b4 15. Nb1 Rac8 16. O-O Qb5 17. Qd4 Qxd5 18. Bxf6 Qxd4 19. Bxd4 Bxd4 20. Nxd4 Rc7 21. Rc1 Rfc8 22. Nd2 c3 23. bxc3 bxc3 24. Ne4 Nb4 25. a3 Nd5 26. Bf3 Kg7 27. Nd6 1-0